 Dungeon Crawl Stone Soup version 0.30-a0-743-gbfdf073431 (webtiles) character file.

Game seed: 8875324076930474835

73567 kingofthe the Protected (level 15, -5/120 HPs)
             Began as a Minotaur Berserker on Feb 4, 2023.
             Was a High Priest of Trog.
             Slain by a fenstrider witch (8 damage)
             ... on level 1 of the Swamp on Feb 5, 2023.
             The game lasted 02:10:22 (19830 turns).

kingofthe the Protected (Minotaur Berserker)       Turns: 19830, Time: 02:10:22

Health: -5/120     AC: 37    Str: 26    XL:     15   Next: 4%
Magic:  14/14      EV: 15    Int:  6    God:    Trog [*****.]
Gold:   1307       SH: 15    Dex: 16    Spells: 14/14 levels left

rFire   + . .      SeeInvis +    a - +6 war axe (freeze)
rCold   x . .      Faith    .    H - +2 kite shield
rNeg    . . .      Spirit   .    d - +8 orange crystal plate armour {Archmagi, Int+3 Clar}
rPois   .          Reflect  .    t - +0 mask of the Dragon {Will+ Slay+3 SInv}
rElec   .          Harm     .    G - +1 cloak {rCorr}
rCorr   +          Rampage  .    (no gloves)
Will    ++++.      Archmagi +    g - +2 pair of boots Stlth Clarity +
                                 S - amulet of regeneration
HPRegen 2.20/turn                U - ring of fire
MPRegen 0.14/turn                I - +5 ring of evasion

@: lethally poisoned (-5 -> -24), strong-willed, regenerating, very slow
A: horns 2, retaliatory headbutt, agile 1, frail 1
a: Renounce Religion, Berserk, Trog's Hand, Brothers in Arms


You were on level 1 of the Swamp.
You worshipped Trog.
Trog was extremely pleased with you.
You visited 4 branches of the dungeon, and saw 23 of its levels.
You also visited: Bailey.

You collected 2614 gold pieces.
You spent 1307 gold pieces at shops.

Inventory:

Hand Weapons
 a - a +6 war axe of freezing (weapon)
 b - a +2 sling
 u - a +0 war axe of flaming
 F - a +4 trident of flaming
Armour
 d - the +8 orange crystal plate armour (worn) {Archmagi, Int+3 Clar}
   (You took it off a tengu warrior on level 14 of the Dungeon)

   Int:       It affects your intelligence (+3).
   Clar:      It protects you against confusion.
 g - a +2 pair of boots (worn)
 s - the +4 ring mail of the Exiled Olives {rElec rF- Int+3 Slay+3}
   (You found it on level 2 of the Dungeon)

   Int:       It affects your intelligence (+3).
   Slay:      It affects your accuracy & damage with ranged weapons and melee
   (+3).
   rF:        It makes you vulnerable to fire.
   rElec:     It insulates you from electricity.
 t - the +0 mask of the Dragon (worn) {Will+ Slay+3 SInv}
   (You bought it in a shop on level 2 of the Orcish Mines)

   Slay:      It affects your accuracy & damage with ranged weapons and melee
   (+3).
   SInv:      It lets you see invisible.
   Will:      It increases your willpower.
 y - the +5 ring mail "Katonauj" {+Inv rC- Str+2 Dex+7}
   (You found it on level 9 of the Dungeon)

   Str:       It affects your strength (+2).
   Dex:       It affects your dexterity (+7).
   rC:        It makes you vulnerable to cold.
   +Inv:      It lets you turn invisible.
 G - a +1 cloak of preservation (worn)
 H - a +2 kite shield (worn)
Jewellery
 i - a ring of flight
 p - an amulet of reflection
 x - a ring of poison resistance
 I - a +5 ring of evasion (right hand)
 O - a ring of resist corrosion
 P - a +6 ring of dexterity
 S - an amulet of regeneration (around neck)
 U - a ring of fire (left hand)
 V - a ring of fire
Wands
 j - a wand of light (13)
 q - a wand of polymorph (1)
 z - a wand of charming (11)
 C - a wand of digging (10)
 E - a wand of iceblast (18)
 Y - a wand of flame (13)
Scrolls
 c - 5 scrolls of enchant weapon
 e - a scroll of butterflies {unknown}
 h - 5 scrolls of enchant armour
 l - 7 scrolls of identify
 m - 2 scrolls of silence
 n - 4 scrolls of poison
 w - a scroll of blinking
 A - 6 scrolls of teleportation
 K - 2 scrolls of fog
 X - 3 scrolls of fear
Potions
 f - 8 potions of haste
 o - 12 potions of curing
 v - a potion of might
 B - a potion of resistance
 D - a potion of flight
 L - a potion of invisibility
 M - 6 potions of heal wounds
 N - 2 potions of cancellation
Miscellaneous
 Q - a tin of tremorstones (2/2)
 R - a tin of tremorstones (2/2)


   Skills:
 + Level 12.3 Fighting
 - Level 13.1 Axes
 - Level 12.4 Ranged Weapons
 + Level 14.9 Armour
 + Level 12.8 Dodging
 + Level 13.2 Shields
 * Level 0.1 Evocations


You had 14 spell levels left.
You didn't know any spells.
Your spell library was empty.

Dungeon Overview and Level Annotations

Branches:
Dungeon (14/15)            Temple (0/1) D:4            Lair (5/5) D:9
  Swamp (2/4) Lair:3        Snake (0/4) Lair:3        Slime (0/5) Lair:4
    Orc (2/2) D:9             Elf (0/3) Orc:2        Bailey (visited)
 Vaults: D:13-14

Altars:
Ashenzari
Elyvilon
Gozag
Makhleb
Okawaru
Qazlal
Ru
Uskayaw
Vehumet
Xom
Zin

Shops:
D:6 (   D:7 (=([   D:9 (!   Orc:2 ?*?!

Portals:
Trove: D:11 (show slimy rune of Zot)

Annotations:
Orc:2 1 runed translucent door, demibob's ghost, journeyman DsGl


Innate Abilities, Weirdness & Mutations

You have a pair of horns on your head.
You reflexively headbutt those who attack you in melee.
You are agile. (Dex +4, Str/Int -1)
You are frail. (-10% HP)


Message History

The fenstrider witch casts a spell at you.
Your body is wracked with pain!
The tyrant leech completely misses you. You furiously retaliate!
You headbutt the tyrant leech! You slice the tyrant leech!!
You freeze the tyrant leech.
The tyrant leech is almost dead.
You miss the fenstrider witch.
The fenstrider witch hits you but does no damage.
You block the fenstrider witch's attack.
You block the tyrant leech's attack.
You slash the tyrant leech! You freeze the tyrant leech.
You kill the tyrant leech!
Trog accepts your kill.
You slash the fenstrider witch! You freeze the fenstrider witch.
The fenstrider witch points at you and mumbles some strange words.
The toxic sludge hits you!!
You are poisoned.
Splash!
You fall into the toxic bog.
Moving in this stuff is going to be slow.
The fenstrider witch points at you and mumbles some strange words.
You resist with significant effort.
Okay, then.
Press: ? - help, v - describe, . - travel
Here: a fenstrider witch, wearing a +0 robe (heavily wounded) Some shallow water.
Your skin crawls.
You feel strong-willed.
You fester in the toxic bog!
You are more poisoned.
You feel extremely sick.
You block the fenstrider witch's attack. x2
You slice the fenstrider witch!! You freeze the fenstrider witch.
You headbutt the fenstrider witch.
The fenstrider witch is almost dead.
You fester in the toxic bog!
You are lethally poisoned!
* * * LOW HITPOINT WARNING * * *
x2 You feel extremely sick.
The fenstrider witch hits you!
You die...

♣♣♣.♣♣ ♣♣♣ ♣.......~~♣♣...~..
♣..♣♣♣ ♣~§...~~~.~.~.=..§
♣~...♣ ♣♣~..~~§~~...~~♣♣♣
♣♣~.~.♣ ♣♣♣.~~~~~~~~.♣♣♣.~♣
♣..~~~♣ ♣♣~.~§§~~~~~~~♣♣~~.♣
♣.~~~.♣♣♣~..~~~~~~~~~.♣♣....
♣....~♣♣.....~~~~~~~...~..~~
♣....♣♣~.~~..~~~~~~....♣.~~~
♣♣..~♣.~♣...@†~~~~~~..♣♣♣..§~
♣~..~~..♣♣♣.~H~~~~~~.(♣♣♣~~~~
♣♣....~~.♣..~~~~~~§~~.♣♣.....
♣~..~~~..~~....~~~~..♣..~..♣
♣♣♣.~~~.~~~~.>...~~~♣..~~~.♣
♣♣~♣♣.~~~..~§♣~.~.~.~§~~~♣
♣♣♣♣♣....~~~♣♣♣♣♣♣....♣♣♣
♣♣♣♣♣.~§~~.~♣ ♣~..♣♣ ♣
♣..§♣.§~~~.♣♣ ♣♣♣♣♣♣♣♣ ♣


You could see a fenstrider witch.

Vanquished Creatures
  Rupert (Lair:5)
  A bunyip (Swamp:1)
  3 catoblepae
  2 hydras (Lair:5)
  9 centaur warriors
  A deep troll shaman (Lair:5)
  4 boulder beetles
  A tengu warrior (D:14)
  An alligator (Swamp:1)
  4 death yaks (Lair:5)
  An orc high priest (Orc:1)
  A deep elf knight (D:9)
  2 goliath frogs (Swamp:1)
  A bog body (Swamp:1)
  A deep troll (shapeshifter) (D:14)
  2 orc knights
  Pikel (D:8)
  3 deep elf pyromancers (D:14)
  A wolf spider (D:14)
  3 cyclopes
  2 ugly things
  An oklob plant (Lair:5)
  A manticore (D:14)
  4 orc sorcerers
  12 elephants
  Maurice (D:8)
  2 black mambas
  6 gargoyles
  12 cane toads
  2 kobold demonologists
  2 unseen horrors
  2 rime drakes
  A freezing wraith (D:14)
  2 trolls
  5 komodo dragons
  8 polar bears
  3 hornets
  A tyrant leech (Swamp:1)
  13 blink frogs
  A raiju (shapeshifter) (D:14)
  A slime creature (D:14)
  A spriggan (Swamp:1)
  A wraith (D:9)
  2 wyverns
  23 yaks
  2 fire elementals (Orc:2)
  A steam dragon (D:9)
  A redback (D:14)
  9 vampire mosquitoes
  2 basilisks
  7 swamp worms
  3 wargs
  4 acid dragons
  4 nagas (Lair:3)
  4 hell hounds (Orc:2)
  10 water moccasins
  26 orc warriors
  A sky beast (D:7)
  A swamp drake (Lair:3)
  3 ice beasts
  A black bear (D:5)
  18 wolves
  8 ogres
  20 centaurs
  A lemure (D:8)
  6 kobold brigands
  11 bullfrogs
  2 gnoll sergeants
  2 necrophages
  4 scorpions
  3 wights
  10 killer bees
  A howler monkey (D:9)
  A crimson imp (D:9)
  A jelly (D:4)
  22 orc priests
  A gnoll bouda (D:9)
  Natasha (thrice) (D:2)
  6 iguanas
  31 orc wizards
  5 adders
  3 gnolls (D:8)
  A shadow imp (D:7)
  3 white imps
  2 ufetubi
  3 worms
  3 dart slugs
  100 orcs
  8 ball pythons
  3 bats
  10 endoplasms
  4 giant cockroaches
  11 goblins
  7 hobgoblins
  8 jackals
  2 quokkas
  2 frilled lizards (D:1)
  13 kobolds
  4 rats
  A spectral goblin (D:1)
  6 briar patches (D:10)
581 creatures vanquished.

Vanquished Creatures (collateral kills)
  Jorgrun (Orc:2)
  Nessos (D:13)
  Azrael (Orc:2)
  A bunyip (Swamp:1)
  A hydra (D:14)
  A tengu warrior (D:14)
  2 goliath frogs (Swamp:1)
  An ugly thing (D:14)
  A manticore (D:14)
  A will-o-the-wisp (Swamp:1)
  A meliai (D:14)
  A hornet (Swamp:1)
  A blink frog (Lair:5)
  A spriggan (Swamp:1)
  A fire elemental (Orc:2)
16 creatures vanquished.

Vanquished Creatures (others)
  2 briar patches (D:10)
  16 foxfires (Swamp:1)
  16 fungi
  28 plants
62 creatures vanquished.

Grand Total: 659 creatures vanquished

Notes
Turn   | Place    | Note
-------+----------+-------------------------------------------
     0 | D:1      | kingofthe the Minotaur Berserker began the quest for the
                  | Orb.
     0 | D:1      | Reached XP level 1. HP: 19/19 MP: 0/0
   200 | D:1      | Reached XP level 2. HP: 27/27 MP: 1/1
   314 | D:1      | Found a faded altar of an unknown god.
   584 | D:2      | Reached XP level 3. HP: 33/33 MP: 2/2
   953 | D:2      | Reached skill level 3 in Armour
  1058 | D:2      | Noticed Natasha
  1068 | D:2      | Killed Natasha
  1069 | D:2      | Reached XP level 4. HP: 18/40 MP: 3/3
  1130 | D:2      | Noticed Natasha
  1136 | D:2      | Killed Natasha
  1136 | D:2      | Reached ** piety under Trog
  1282 | D:2      | Identified the +4 ring mail of the Exiled Olives {rElec rF-
                  | Int+3 Slay+3}
  1338 | D:2      | Noticed Natasha
  1343 | D:2      | Killed Natasha
  1344 | D:2      | Reached skill level 5 in Axes
  1470 | D:3      | Reached XP level 5. HP: 39/47 MP: 4/4
  1962 | D:4      | Found a staircase to the Ecumenical Temple.
  1991 | D:4      | Reached *** piety under Trog
  2000 | D:4      | Noticed an ogre
  2006 | D:4      | HP: 1/47 [ogre/+0 giant spiked club (23)]
  2026 | D:4      | Killed an ogre
  2027 | D:4      | Reached skill level 4 in Armour
  2027 | D:4      | Reached XP level 6. HP: 13/55 MP: 5/5
  2077 | D:4      | Reached skill level 5 in Fighting
  2231 | D:4      | Found a stormy altar of Qazlal.
  2448 | D:4      | Found an opulent altar of Gozag.
  2528 | D:5      | Entered Level 5 of the Dungeon
  2546 | D:5      | Reached XP level 7. HP: 40/61 MP: 6/6
  2759 | D:5      | Found an iron altar of Okawaru.
  2772 | D:5      | Reached skill level 5 in Armour
  2946 | D:6      | Reached skill level 5 in Dodging
  2946 | D:6      | Reached XP level 8. HP: 70/70 MP: 7/7
  2996 | D:6      | Reached skill level 1 in Ranged Weapons
  3266 | D:6      | Found a broken altar of Ashenzari.
  3730 | D:6      | Found Cerchu Ziahu's Antique Weapon Shoppe.
  3837 | D:7      | Found Wecu's Weapon Shoppe.
  3863 | D:7      | Found Dicw's Jewellery Boutique.
  3884 | D:7      | Found Liedunoja's Armour Emporium.
  4114 | D:7      | Reached skill level 6 in Armour
  4153 | D:7      | Reached **** piety under Trog
  4328 | D:7      | Found Niysearo's Antique Weapon Boutique.
  4369 | D:7      | Reached XP level 9. HP: 79/79 MP: 8/8
  4871 | D:8      | Noticed Pikel
  4880 | D:8      | Killed Pikel
  4881 | D:8      | Reached skill level 5 in Ranged Weapons
  4881 | D:8      | Reached skill level 7 in Armour
  4989 | D:8      | Identified the +0 ring mail of Defiance {rF+ Str+3 Stlth-}
  5232 | D:8      | Noticed Maurice
  5254 | D:8      | Killed Maurice
  5869 | D:9      | Noticed a kobold demonologist
  5878 | D:9      | Noticed a red devil
  5882 | D:9      | Noticed a sixfirhy
  5884 | D:9      | Killed a kobold demonologist
  5885 | D:9      | Reached skill level 1 in Shields
  5885 | D:9      | Reached XP level 10. HP: 29/88 MP: 9/9
  6212 | D:9      | Found Saurgh's Antique Weapon Shop.
  6237 | D:9      | Found a flagged portal.
  6247 | D:9      | Reached skill level 10 in Axes
  6260 | D:9      | Identified the +5 ring mail "Katonauj" {+Inv rC- Str+2
                  | Dex+7}
  6267 | Bailey   | Entered a bailey
  6291 | Bailey   | Reached ***** piety under Trog
  6415 | Bailey   | Reached skill level 8 in Armour
  6729 | D:9      | Found a white marble altar of Elyvilon.
  6730 | D:9      | Found a glowing silver altar of Zin.
  6730 | D:9      | Found a sacrificial altar of Ru.
  6754 | D:9      | Received a gift from Trog
  6918 | D:9      | Found a staircase to the Orcish Mines.
  7059 | D:9      | Found a shimmering altar of Xom.
  7129 | D:9      | Found a hide-covered altar of Uskayaw.
  7146 | D:9      | Found a staircase to the Lair.
  7263 | D:9      | Found Ulucviatt's Distillery.
  7271 | D:9      | Bought a potion of heal wounds for 60 gold pieces
  7670 | D:9      | Reached skill level 9 in Armour
  7784 | D:9      | Noticed a centaur warrior
  7788 | D:9      | Noticed a deep elf knight
  7790 | D:9      | Killed a centaur warrior
  7791 | D:9      | Reached XP level 11. HP: 87/97 MP: 10/10
  7798 | D:9      | Killed a deep elf knight
  7799 | D:9      | Reached skill level 5 in Shields
  7973 | D:9      | Found a radiant altar of Vehumet.
  7973 | D:9      | Found a burning altar of Makhleb.
  8228 | D:7      | Bought an amulet of regeneration for 330 gold pieces
  8264 | Lair:1   | Entered Level 1 of the Lair of Beasts
  8325 | Orc:1    | Entered Level 1 of the Orcish Mines
  8586 | Orc:2    | Entered Level 2 of the Orcish Mines
  8670 | D:7      | Bought a +3 scale mail of fire resistance for 416 gold
                  | pieces
  8743 | D:10     | Entered Level 10 of the Dungeon
  8799 | D:10     | Found a transporter.
  8962 | D:10     | Found a transporter.
  9246 | Orc:2    | Found a runed translucent door.
  9254 | Orc:2    | Noticed Azrael
  9322 | Orc:2    | Noticed an orc sorcerer
  9328 | Orc:2    | Killed Azrael
  9329 | Orc:2    | Reached skill level 10 in Armour
  9329 | Orc:2    | Noticed Jorgrun
  9333 | Orc:2    | Killed an orc sorcerer
  9334 | Orc:2    | Noticed an orc sorcerer
  9341 | Orc:2    | Noticed an orc high priest
  9441 | Orc:2    | Noticed an orc sorcerer
  9461 | Orc:1    | Killed an orc sorcerer
  9904 | Orc:1    | Killed an orc sorcerer
  9993 | Orc:2    | Gained mutation: You are agile. (Dex +4, Str/Int -1) [a
                  | neqoxec]
  9995 | Orc:2    | Gained mutation: You are frail. (-10% HP) [a neqoxec]
 10021 | Orc:1    | Killed an orc high priest
 10246 | Orc:2    | Noticed an orc knight
 10293 | Orc:1    | Killed an orc knight
 10294 | Orc:1    | Reached XP level 12. HP: 68/93 MP: 11/11
 10349 | Orc:2    | Found a staircase to the Elven Halls.
 10370 | Orc:2    | Noticed demibob's ghost (journeyman DsGl)
 10442 | Orc:2    | Killed Jorgrun
 10538 | Orc:2    | Reached skill level 11 in Armour
 10538 | Orc:2    | Reached skill level 10 in Dodging
 10776 | Orc:2    | Paralysed by an orc sorcerer for 4 turns
 10915 | Orc:2    | Found Ninkikh's Magic Scroll Boutique.
 10915 | Orc:2    | Found Echaj's Magic Scroll Shop.
 10916 | Orc:2    | Found Qefion's Distillery.
 10920 | Orc:2    | Found Foacuysm's General Store.
 10928 | Orc:2    | Bought the +0 mask of the Dragon {Will+ Slay+3 SInv} for
                  | 501 gold pieces
 10928 | Orc:2    | Found the +0 mask of the Dragon {Will+ Slay+3 SInv}
 11102 | Orc:2    | Upgraded the game from 0.30-a0-739-gea05faddec to
                  | 0.30-a0-743-gbfdf073431
 11311 | D:11     | Found a portal to a secret trove of treasure.
 11801 | D:12     | Noticed a boulder beetle
 11822 | D:12     | Killed a boulder beetle
 11866 | D:12     | Reached skill level 10 in Ranged Weapons
 12022 | D:12     | You fall into a shaft and drop 2 floors!
 12038 | D:14     | Noticed a boulder beetle
 12054 | D:14     | Reached skill level 12 in Armour
 12061 | D:14     | Noticed a seven-headed hydra
 12062 | D:14     | Noticed a tengu warrior
 12065 | D:14     | Killed a nine-headed hydra
 12066 | D:14     | Noticed a boulder beetle
 12068 | D:14     | Killed a tengu warrior
 12091 | D:14     | Reached XP level 13. HP: 85/100 MP: 12/12
 12155 | D:14     | Reached skill level 10 in Shields
 12335 | D:14     | Reached skill level 10 in Fighting
 12443 | D:14     | Identified the +6 spear of Vengeance {venom, rC+ Dex+5}
 12452 | D:14     | Reached skill level 13 in Armour
 12557 | D:13     | Noticed Nessos
 12581 | D:14     | HP: 5/101 [poisoned by Nessos]
 12586 | D:14     | HP: 5/101 [poisoned by Nessos]
 12679 | D:13     | Killed Nessos
 14887 | Lair:2   | Reached XP level 14. HP: 96/109 MP: 13/13
 15577 | Lair:3   | Received a gift from Trog
 15677 | Lair:3   | Found a staircase to the Snake Pit.
 15778 | Lair:3   | Reached skill level 14 in Armour
 15780 | Lair:3   | Found a staircase to the Swamp.
 16954 | Lair:4   | Found a staircase to the Slime Pits.
 17345 | Lair:5   | Entered Level 5 of the Lair of Beasts
 17396 | Lair:5   | Noticed Rupert
 17413 | Lair:5   | Killed Rupert
 18709 | Lair:5   | Received a gift from Trog
 19064 | Swamp:1  | Entered Level 1 of the Swamp
 19317 | Swamp:1  | Reached XP level 15. HP: 119/119 MP: 14/14
 19376 | Swamp:1  | Identified the +1 leather armour of the Unbroken {rElec}
 19819 | Swamp:2  | Noticed a fenstrider witch
 19830 | Swamp:1  | HP: 3/120 [poison]
 19830 | Swamp:1  | Slain by a fenstrider witch

Illustrated notes

Levels and vault maps discovered:
D:1:      saegor_arrival_simple_b, layout_basic,
          dreamdust_ecumenical_altar_drowned_temple
D:2:      layout_loops_ring, minmay_misc_feat_alley, uniq_natasha
D:3:      layout_rooms
D:4:      layout_rooms, grunt_qazlal_sundering, nicolae_gozag_seed_capital,
          minmay_temple_entry_butterflies
D:5:      layout_rooms, okawaru_trees_2, tgw_kikubaaqudgha
D:6:      layout_loops_cross, ashenzari_altar_1, serial_shops,
          nicolae_shop_advertising_works [nicolae_subvault_shop_adworks],
          portal_sewer_entry_a
D:7:      layout_basic, serial_shops, kennysheep_mini, nicolae_stop_n_shop_1,
          shop_statue, nicolae_diamond_shop
D:8:      minmay_skewed_foursquare, layout_basic, special_room
          [special_room_orc], kennysheep_small_spiral, uniq_pikel, uniq_maurice
D:9:      nzn_winding_woodlands_medium [nzn_winding_woodlands_5x5_default,
          nzn_winding_woodlands_5x15_jagged,
          nzn_winding_woodlands_5x5_open_star,
          nzn_winding_woodlands_5x5_perimeter,
          nzn_winding_woodlands_center_diamonds,
          nzn_winding_woodlands_5x5_checkerboard,
          nzn_winding_woodlands_5x5_three, nzn_winding_woodlands_5x15_eye,
          nzn_winding_woodlands_5x5_default], layout_basic,
          grunt_temple_overflow_lords_of_destruction,
          mainiacjoe_overflow_alcove_2, mainiacjoe_overflow_24_doors,
          chequers_temple_overflow_statue_of_worship, david_orc_3, serial_shops,
          nicolae_shop_stone, nicolae_diamond_shop, enter_bailey_2
D:10:     gammafunk_worm_tunnel, layout_rooms
D:11:     layout_basic, nicolae_trove_entry_free_sample
D:12:     layout_roguey
D:13:     layout_cross, uniq_nessos, uniq_sonja, uniq_snorg
D:14:     minmay_the_grid_square_5x5_5x5_mashed
          [minmay_the_grid_square_5x5_trominoes,
          minmay_the_grid_square_5x5_minivault,
          minmay_the_grid_square_5x5_inverted_slash,
          minmay_the_grid_square_5x5_six_small,
          minmay_the_grid_square_5x5_longway,
          minmay_the_grid_square_5x5_minimal,
          minmay_the_grid_square_5x5_prize_deathbox,
          minmay_the_grid_square_5x5_n_small,
          minmay_the_grid_square_5x5_prize_gold,
          minmay_the_grid_square_5x5_comb,
          minmay_the_grid_square_5x5_eight_small,
          minmay_the_grid_square_5x5_lines,
          minmay_the_grid_square_5x5_prize_waves,
          minmay_the_grid_square_5x5_shrine2,
          minmay_the_grid_square_5x5_one_wall,
          minmay_the_grid_square_5x5_tetrominoes,
          minmay_the_grid_square_5x5_prize_snowflake,
          minmay_the_grid_square_5x5_beaten_path,
          minmay_the_grid_square_5x5_prize_itemx,
          minmay_the_grid_square_5x5_hourglass,
          minmay_the_grid_square_5x5_dogpile, minmay_the_grid_square_5x5_mess,
          minmay_the_grid_square_5x5_sharp_hourglass,
          minmay_the_grid_square_5x5_shrine1,
          minmay_the_grid_square_5x5_two_small], layout_basic,
          grunt_vaults_entry_tiered
Lair:1:   layout_regular_city
Lair:2:   layout_regular_city, guppyfry_lair_drakes, grunt_megastairs_3
Lair:3:   layout_chaotic_city, minmay_swamp_entry_reptiles,
          minmay_snake_entry_guardpost_small, grunt_forest_small_clearings
Lair:4:   layout_layer_cave, nicolae_slime_entry_slimehenge, lookout_lair_type,
          infiniplex_staircase_pool, serial_bayou_shore_a
Lair:5:   grunt_lair_end_beastmaster, layout_small_grid, uniq_rupert
Swamp:1:  layout_basic_swamp, nicolae_swamp_triple_paths
Swamp:2:  layout_basic_swamp, gammafunk_ghost_necromancy,
          evilmike_swamp_ruin_house_2, swamp_pool5, lemuel_altar_in_water
Orc:1:    layout_caves
Orc:2:    st_orc_mages, layout_caves, basic_altar,
          ebering_ghost_reflecting_pool, uniq_azrael, uniq_jorgrun

Skill      XL: |  1  2  3  4  5  6  7  8  9 10 11 12 13 14 |
---------------+-------------------------------------------+-----
Axes           | 4 5 6 8 9 10 11 12 13 | 13.1
Fighting       | 4 5 6 7 8 9 10 12 | 12.3
Armour         | 3 4 5 6 7 9 10 12 13 14 | 14.9
Dodging        | 3 4 5 7 8 9 10 11 12 | 12.8
Ranged Weapons | 4 6 7 9 10 11 12 | 12.4
Shields        | 1 4 7 9 11 13 | 13.2
Evocations     | |  0.1

Action                     |  1- 3 |  4- 6 |  7- 9 | 10-12 | 13-15 || total
---------------------------+-------+-------+-------+-------+-------++-------
  Melee: Hand axe          |    67 |   100 |    53 |       |       ||   220
         Headbutt          |    11 |    13 |    29 |    98 |   154 ||   305
         Punch             |     1 |     1 |     2 |       |       ||     4
         War axe           |       |       |   123 |   521 |   507 ||  1151
   Fire: Sling             |       |       |   107 |   256 |   227 ||   590
 Invoke: Trog's Hand       |       |     1 |     1 |     8 |     5 ||    15
         Berserk           |       |       |     1 |     3 |       ||     4
         Brothers in Arms  |       |       |       |     3 |     3 ||     6
    Use: Scroll            |       |       |       |    23 |    12 ||    35
         Potion            |       |       |       |     3 |    13 ||    16
   Stab: Invisible         |       |       |       |       |     1 ||     1
         Distracted        |       |       |       |       |     2 ||     2
 Armour: Animal skin       |    10 |       |       |       |       ||    10
         Ring mail         |       |    40 |    84 |    89 |    37 ||   250
         Scale mail        |       |       |       |    77 |       ||    77
         Crystal plate arm |       |       |       |       |   198 ||   198
  Dodge: Dodged            |    47 |    70 |   138 |   480 |   311 ||  1046
  Block: Kite shield       |       |       |     6 |   361 |   400 ||   767

Table legend: (Time is in decaauts)
 A = Elapsed time spent in this place.
 B = Non-inter-level travel time spent in this place.
 C = Inter-level travel time spent in this place.
 D = Time resting spent in this place.
 E = Time spent auto-exploring this place.
 F = Levels seen in this place.
 G = Mean time per level.
                   A        B        C        D        E       F      G
               +--------+--------+--------+--------+--------+-----+--------+
         Total |  20086 |  18131 |   1955 |   2213 |  10945 |  24 |  836.9 |
       Dungeon |  10859 |   9884 |    975 |   1471 |   6082 |  14 |  775.6 |
          Lair |   5568 |   4839 |    729 |    105 |   3614 |   5 | 1113.6 |
         Swamp |    835 |    820 |     15 |     44 |    567 |   2 |  417.5 |
  Orcish Mines |   2427 |   2192 |    235 |    425 |    681 |   2 | 1213.5 |
        Bailey |    394 |    394 |      0 |    167 |      0 |   1 |  394.0 |
               +--------+--------+--------+--------+--------+-----+--------+

Top non-repeatable levels by time:
     D:9: 1901 daAuts
     D:8: 1394 daAuts
   Orc:2: 1368 daAuts
  Lair:4: 1326 daAuts
  Lair:5: 1282 daAuts
     D:7: 1097 daAuts
   Orc:1: 1059 daAuts
  Lair:1: 1009 daAuts
  Lair:2: 1000 daAuts
  Lair:3: 949 daAuts
     D:6: 883 daAuts
     D:2: 840 daAuts
 Swamp:1: 829 daAuts
    D:12: 761 daAuts
     D:4: 692 daAuts
